 Dungeon Crawl Stone Soup version 0.30-a0-777-ga9a30cbeda (console) character file.

Game seed: 3889091220392361704

3557 Ignak the Ogre Mage (level 10, -17/86 (98) HPs)
             Began as an Ogre Hedge Wizard on Feb 14, 2023.
             Demolished by an orc warrior
             ... wielding a +0 glaive
              (28 damage)
             ... in a bailey.
             The game lasted 00:26:22 (11470 turns).

Ignak the Ogre Mage (Ogre Hedge Wizard)            Turns: 11470, Time: 00:26:23

HP:   -17/86 (98)   AC:  7    Str: 20    XL:     10   Next: 9%
MP:   17/19         EV: 10    Int: 15    God:
Gold: 1293          SH:  0    Dex:  8    Spells: 6/21 levels left

rFire   . . .      SeeInvis +    a - +5 hand axe (vamp)
rCold   . . .      Faith    .    (no shield)
rNeg    + . .      Spirit   .    f - +0 steam dragon scales
rPois   .          Reflect  .    c - +1 hat
rElec   .          Harm     .    (no cloak)
rCorr   .          Rampage  .    (gloves unavailable)
Will    +....      Clarity  +    (boots unavailable)
Stlth   +          Rnd*Tele +    (no amulet)
HPRegen 0.34/turn                x - ring of see invisible
MPRegen 0.16/turn                A - ring of positive energy

@: very slightly contaminated, studying Staves, heavily drained
A: large, unfitting armour, tough skin 1, clarity, teleportitis 1
a: no special abilities


You were in a bailey.
You visited 1 branch of the dungeon, and saw 8 of its levels.
You also visited: Bailey.

You collected 1788 gold pieces.
You spent 495 gold pieces at shops.

Inventory:

Hand Weapons
 a - a +5 vampiric hand axe (weapon)
 b - a +3 war axe of freezing
 k - a +4 battleaxe
 s - a +1 spear of venom
 D - a +4 hand axe
Missiles
 e - 14 poisoned darts (quivered)
 p - a throwing net
Armour
 c - a +1 hat (worn)
 f - +0 steam dragon scales (worn)
 z - a +0 robe
Jewellery
 o - a ring of fire
 x - a ring of see invisible (left hand)
 A - a ring of positive energy (right hand)
Wands
 l - a wand of polymorph (2)
Scrolls
 g - 2 scrolls of blinking
 j - 3 scrolls of poison
 m - 2 scrolls of enchant armour
 n - 3 scrolls of teleportation
 u - a scroll of amnesia
 v - a scroll of fear
 y - 2 scrolls of immolation
 C - a scroll of magic mapping
Potions
 d - a potion of haste {unknown}
 h - 3 potions of might {unknown}
 i - a potion of berserk rage
 q - a potion of invisibility {unknown}
 t - a potion of curing
 w - 4 potions of heal wounds
 B - a potion of attraction {unknown}


   Skills:
 + Level 5.8 Fighting
 * Level 5.3(5.6) Axes
 - Level 2.2(3.8) Maces & Flails
 + Level 3.7 Armour
 + Level 4.5 Dodging
 - Level 1.4 Stealth
 + Level 6.2 Spellcasting
 + Level 3.3 Conjurations
 + Level 1.1 Hexes
 - Level 0.8 Summonings
 - Level 5.1 Necromancy
 - Level 3.0 Translocations
 - Level 2.0 Air Magic
 - Level 2.0 Poison Magic


You had 6 spell levels left.
You knew the following spells:

 Your Spells              Type           Power      Damage    Failure   Level
a - Magic Dart            Conj           56%        1d5       3%          1
b - Blink                 Tloc           26%        N/A       6%          2
c - Vampiric Draining     Necr           20%        2d7       5%          3
d - Mephitic Cloud        Conj/Pois/Air  12%        N/A       16%         3
e - Call Imp              Summ           7%         N/A       16%         2
f - Fulminant Prism       Conj/Hex       5%         3d7       50%         4

Your spell library contained the following spells:

 Spells                   Type           Power      Damage    Failure   Level
 Cigotuvi's Dreadful Rot  Necr/Pois/Air  26%        N/A       6%          2
 Lesser Beckoning         Tloc           26%        N/A       6%          2
 Momentum Strike          Conj/Tloc      28%        3d8       6%          2
 Slow                     Hex            32%        N/A       9%          1
 Ensorcelled Hibernation  Hex/Ice        12%        N/A       17%         2
 Kindle Blastsparks       Fire/Tloc/Air  18%        2d11      22%         3
 Confusing Touch          Hex            8%         N/A       26%         3
 Spider Form              Tmut/Pois      7%         N/A       28%         3
 Anguish                  Hex/Necr       7%         N/A       36%         4
 Iskenderun's Mystic Bla  Conj/Tloc      14%        2d5       36%         4
 Lee's Rapid Deconstruct  Erth           2%         3d4*      99%         5


Dungeon Overview and Level Annotations

Branches:
Dungeon (8/15)             Temple (0/1) D:4          Bailey (1/1)
   Lair: D:8-11

Altars:
Hepliaklqana
Makhleb
Wu Jian
Xom
Zin

Shops:
D:4 ?

Annotations:
D:4 1 runed translucent door, anet's ghost, amateur HOCj
D:8 Grum


Innate Abilities, Weirdness & Mutations

You are too large for most types of armour.
You have tough skin. (AC +1)
You possess an exceptional clarity of mind.
You are occasionally teleported next to monsters.


Message History

Wisps of shadow whirl around you...
The orc knight shouts!
The orc warrior shouts! x3
The orc knight hits you from afar with a +0 halberd!!
The orc knight hits you with a +0 halberd!
The orc warrior hits you from afar with a +0 glaive!
The orc knight attacks as you move away!
The orc knight hits you with a +0 halberd!
* * * LOW HITPOINT WARNING * * *
Your orc hits the orc knight but does no damage.
Your orc hits the orc knight with a +0 flail!
Your orc misses the orc warrior.
The orc warrior hits you from afar with a +0 trident!
* * * LOW HITPOINT WARNING * * *
The orc knight roars a battlecry!
The orcs go into a battle-frenzy!
The orc knight barely misses you.
The orc warrior hits your orc with a +0 glaive!!
Your orc dies!
Your orc's corpse dissolves into shadows!
Casting: Vampiric Draining (dangerous; 5% risk of failure)
Confirm with . or Enter, or press ? or * to list all spells.
Aiming: Mephitic Cloud (dangerous; 16% risk of failure)
Press: ? - help, Shift-Dir - straight line, f - orc warrior
Aim: an orc warrior, wielding a +0 glaive and wearing a +0 chain mail (strong, chance to affect: 81%)
Okay, then.
Casting: Mephitic Cloud (dangerous; 16% risk of failure)
Confirm with . or Enter, or press ? or * to list all spells.
You miscast Blink.
You are very lightly contaminated with residual magic.
Nothing appears to happen.
Your orc hits the orc knight but does no damage.
Your orc barely misses the orc knight.
Your gnoll hits the orc knight from afar with a +3 halberd.
The orc warrior hits you from afar with a +0 trident.
* * * LOW HITPOINT WARNING * * *
The orc warrior closely misses you.
The orc knight roars a battlecry!
The orc knight goes into a battle-frenzy!
The orc warrior hits you with a +0 glaive!!
You die...

.## .. ... ~~~~
~.... ~.####
#####+#####
##.........##
##.g≈§≈.≈≈≈..#
##.o≈≈.@oo.≈≈..
#.g≈§o..⌠...≈§.
#..go..o∩o.....
##..≈§.o...≈§§.
#+..≈≈≈§≈≈≈..#
##.........##
#####+###+#


You could see 2 orc knights, 3 orc warriors, a friendly orc wizard (summoned), 3
friendly gnolls and 2 friendly orcs.

Vanquished Creatures
  Prince Ribbit (D:6)
  A steam dragon (D:6)
  Menkaure (D:6)
  Duvessa (D:7)
  An acid dragon (D:5)
  An ice beast (D:4)
  An ogre (D:5)
  An orc warrior (D:5)
  A centaur (D:6)
  A kobold brigand (D:6)
  2 bullfrogs
  2 gnoll sergeants
  3 scorpions
  12 wights
  Dowan (D:7)
  3 hounds
  2 orc priests
  2 gnoll boudas
  4 iguanas
  6 orc wizards
  Natasha (thrice) (D:4)
  14 gnolls
  3 adders
  2 white imps
  4 worms
  16 orcs
  7 ball pythons
  4 endoplasms
  6 goblins
  6 hobgoblins
  11 kobolds
  A quokka (D:4)
  3 bats
  6 frilled lizards
  5 rats
138 creatures vanquished.

Vanquished Creatures (collateral kills)
  A black bear (D:5)
  3 scorpions
  2 necrophages
  A jelly (D:5)
  An orc priest (D:5)
  Jessica (D:2)
  An iguana (D:5)
  4 gnolls
  4 adders
  A shadow imp (D:5)
  A worm (D:5)
  2 dart slugs
  3 orcs
  A ball python (D:2)
  4 hobgoblins
  A quokka (D:4)
  5 kobolds
36 creatures vanquished.

Grand Total: 174 creatures vanquished

Notes
Turn   | Place    | Note
-------+----------+-------------------------------------------
     0 | D:1      | Ignak the Ogre Hedge Wizard began the quest for the Orb.
     0 | D:1      | Reached XP level 1. HP: 16/16 MP: 5/5
    83 | D:1      | Reached skill level 1 in Conjurations
   120 | D:1      | Reached skill level 1 in Translocations
   351 | D:1      | Reached XP level 2. HP: 26/26 MP: 3/6
   355 | D:1      | Learned a level 2 spell: Blink
   358 | D:1      | Learned a level 2 spell: Call Imp
   845 | D:1      | Reached skill level 1 in Fighting
  1096 | D:1      | Found a glowing silver altar of Zin.
  1214 | D:2      | Reached XP level 3. HP: 33/33 MP: 5/8
  1219 | D:2      | Learned a level 3 spell: Mephitic Cloud
  1536 | D:2      | Reached XP level 4. HP: 40/41 MP: 9/9
  1709 | D:2      | Noticed Jessica
  1733 | D:2      | Killed Jessica
  1734 | D:2      | Reached skill level 1 in Armour
  1734 | D:2      | Reached skill level 4 in Spellcasting
  2031 | D:3      | Learned a level 3 spell: Vampiric Draining
  2382 | D:3      | Found an ornate altar of the Wu Jian Council.
  2606 | D:3      | Found a shimmering altar of Xom.
  2609 | D:3      | Found a burning altar of Makhleb.
  2657 | D:3      | Reached XP level 5. HP: 41/49 MP: 8/11
  2757 | D:4      | Reached skill level 1 in Maces & Flails
  2757 | D:4      | Reached skill level 1 in Necromancy
  2757 | D:4      | Reached skill level 1 in Air Magic
  2757 | D:4      | Reached skill level 1 in Poison Magic
  3214 | D:4      | Reached XP level 6. HP: 47/57 MP: 10/12
  3358 | D:4      | Found Pemietih's Magic Scroll Boutique.
  3542 | D:4      | Found a staircase to the Ecumenical Temple.
  3711 | D:4      | Noticed Natasha
  3726 | D:5      | Entered Level 5 of the Dungeon
  3748 | D:4      | HP: 1/54 [Natasha (4)]
  3752 | D:4      | Killed Natasha
  3898 | D:4      | Found a runed translucent door.
  3973 | D:4      | Found an ornate altar of the Wu Jian Council.
  3978 | D:4      | Noticed Natasha
  3999 | D:4      | Killed Natasha
  4113 | D:4      | Noticed anet's ghost (amateur HOCj)
  4239 | D:4      | Noticed Natasha
  4251 | D:4      | Killed Natasha
  4252 | D:4      | Reached XP level 7. HP: 61/66 MP: 10/13
  5508 | D:5      | Reached skill level 1 in Axes
  5508 | D:5      | Reached XP level 8. HP: 32/75 MP: 1/14
  5900 | D:5      | Gained mutation: You are clumsy. (Dex -2) [potion of
                  | mutation]
  5900 | D:5      | Gained mutation: You occasionally lose the ability to read
                  | scrolls when taking damage. [potion of mutation]
  5901 | D:5      | Lost mutation: You occasionally lose the ability to read
                  | scrolls when taking damage. [potion of mutation]
  5901 | D:5      | Lost mutation: You are clumsy. (Dex -2) [potion of
                  | mutation]
  5901 | D:5      | Gained mutation: You possess an exceptional clarity of
                  | mind. [potion of mutation]
  5901 | D:5      | Gained mutation: You are occasionally teleported next to
                  | monsters. [potion of mutation]
  6638 | D:5      | Reached skill level 5 in Spellcasting
  6982 | D:4      | Bought a scroll of teleportation for 30 gold pieces
  6982 | D:4      | Bought a scroll of blinking for 75 gold pieces
  6982 | D:4      | Bought 2 scrolls of enchant weapon for 150 gold pieces
  6982 | D:4      | Bought a scroll of summoning for 95 gold pieces
  6982 | D:4      | Bought a scroll of magic mapping for 75 gold pieces
  6982 | D:4      | Bought a scroll of identify for 20 gold pieces
  6982 | D:4      | Bought a scroll of identify for 20 gold pieces
  6982 | D:4      | Bought a scroll of teleportation for 30 gold pieces
  7432 | D:6      | Reached XP level 9. HP: 73/84 MP: 12/16
  7521 | D:6      | Noticed Menkaure
  7595 | D:6      | Killed Menkaure
  7953 | D:6      | Identified a scroll of acquirement
  7954 | D:6      | Acquired 996 gold pieces
  8845 | D:6      | Reached skill level 5 in Fighting
  9637 | D:6      | Reached skill level 5 in Necromancy
 10041 | D:7      | Found a hazy altar of Hepliaklqana.
 10059 | D:7      | Learned a level 4 spell: Fulminant Prism
 10067 | D:7      | Noticed Prince Ribbit
 10068 | D:7      | Noticed Dowan
 10228 | D:6      | Killed Prince Ribbit
 10229 | D:6      | Reached skill level 6 in Spellcasting
 10481 | D:7      | Noticed Duvessa
 10486 | D:7      | Killed Dowan
 10499 | D:7      | Killed Duvessa
 10499 | D:7      | HP: 2/87 [poisoned by Duvessa]
 10500 | D:7      | Reached skill level 5 in Axes
 10712 | D:7      | Reached XP level 10. HP: 95/98 MP: 16/19
 10802 | D:7      | Reached skill level 1 in Hexes
 11324 | D:8      | Noticed Grum
 11389 | D:8      | Found a flagged portal.
 11406 | Bailey   | Entered a bailey
 11467 | Bailey   | Noticed an orc knight
 11467 | Bailey   | Noticed an orc knight
 11470 | Bailey   | Demolished by an orc warrior

Illustrated notes

Levels and vault maps discovered:
D:1:      sevenhm_arrival_forest_fort_small_6, layout_basic, minivault_23
D:2:      layout_loops_cross, uniq_jessica
D:3:      layout_loops_ring, nicolae_overflow_hidden_temple
D:4:      layout_basic, minmay_temple_entry_purple_smoke,
          ebering_ghost_reflecting_pool, nicolae_take_the_stairs,
          minmay_ruined_shrine, uniq_natasha
D:5:      minmay_polygon_palace, layout_layer_cave, minmay_manual_mail
D:6:      layout_basic, uniq_menkaure
D:7:      layout_basic, mainiacjoe_overflow_cross_hatched, uniq_prince_ribbit1,
          uniq_duvessa
D:8:      layout_basic, grunt_gozag_statues, kennysheep_mini_moat,
          enter_bailey_4, grunt_ministairs_12,
          dilly_guarded_unrand_elemental_staff, uniq_grum
Bailey:   bailey_polearm_1, bailey

Skill      XL: |  1  2  3  4  5  6  7  8  9 10 |
---------------+-------------------------------+-----
Conjurations   | 1 2 3 |  3.3
Translocations | 1 2 3 |  3.0
Dodging        | 2 3 4 |  4.5
Fighting       | 1 2 3 4 5 |  5.8
Armour         | 1 2 3 |  3.7
Spellcasting   | 4 5 6 |  6.2
Maces & Flails | 1 2 |  2.2
Necromancy     | 1 2 3 5 |  5.1
Air Magic      | 1 2 |  2.0
Poison Magic   | 1 2 |  2.0
Axes           | 1 3 5 |  5.3
Hexes          | 1 |  1.1
Stealth        | |  1.4
Summonings     | |  0.8

Action                     |  1- 3 |  4- 6 |  7- 9 | 10-12 || total
---------------------------+-------+-------+-------+-------++-------
  Melee: Dagger            |    15 |       |       |       ||    15
         Spear             |    41 |       |       |       ||    41
         Flail             |    31 |   108 |       |       ||   139
         Whip              |       |    66 |    44 |       ||   110
         Hand axe          |       |    11 |   247 |    22 ||   280
         Punch             |       |     2 |     4 |       ||     6
         War axe           |       |       |    42 |    20 ||    62
  Throw: Dart              |     5 |     6 |     2 |       ||    13
   Cast: Magic Dart        |     2 |       |    33 |    10 ||    45
         Call Imp          |    10 |    20 |    40 |     8 ||    78
         Mephitic Cloud    |     2 |     7 |    22 |     3 ||    34
         Blink             |       |     2 |    14 |     3 ||    19
         Vampiric Draining |       |       |    19 |     1 ||    20
    Use: Potion            |     1 |     4 |     5 |       ||    10
         Scroll            |       |     4 |    12 |     3 ||    19
   Stab: Sleeping          |     3 |     1 |       |       ||     4
         Distracted        |       |     1 |     1 |     1 ||     3
         Confused          |       |     4 |    11 |       ||    15
 Armour: Robe              |    22 |    50 |    39 |       ||   111
         Steam dragon scal |       |       |    50 |    17 ||    67
  Dodge: Dodged            |    42 |   135 |   213 |    41 ||   431

Table legend: (Time is in decaauts)
 A = Elapsed time spent in this place.
 B = Non-inter-level travel time spent in this place.
 C = Inter-level travel time spent in this place.
 D = Time resting spent in this place.
 E = Time spent auto-exploring this place.
 F = Levels seen in this place.
 G = Mean time per level.
                   A        B        C        D        E       F      G
               +--------+--------+--------+--------+--------+-----+--------+
         Total |  11609 |  11336 |    273 |   3031 |   5222 |   9 | 1289.9 |
       Dungeon |  11545 |  11272 |    273 |   2970 |   5222 |   8 | 1443.1 |
        Bailey |     63 |     63 |      0 |     61 |      0 |   1 |   63.0 |
               +--------+--------+--------+--------+--------+-----+--------+

Top non-repeatable levels by time:
     D:5: 2463 daAuts
     D:6: 2446 daAuts
     D:4: 2016 daAuts
     D:7: 1461 daAuts
     D:3: 1162 daAuts
     D:1: 1118 daAuts
     D:2: 795 daAuts
     D:8: 81 daAuts
  Bailey: 63 daAuts
